Map: Reclamation LE

Players

Ekelpack - Winner!

  • Race: Zerg Zerg
  • Spawn Location: 12:00

Nyck - Winner!

  • Race: Terran Terran
  • League: Silver
  • Spawn Location: 11:00

Farengeith

  • Race: Protoss Protoss
  • League: Gold
  • Spawn Location: 5:00

DMCORP

  • Race: Protoss Protoss
  • Spawn Location: 6:00

VOD

Have the link to the VOD?

Description

Time

  • Played on: Nov. 8, 2024, 2:55 p.m.
  • Length: 14:30
Show
View Real Time Build Order
Export as new Build Order

Ekelpack Zerg - Winner!

Build Orders: Hatch First 

Get SALT Encoding   

  12  0:00  Drone  
  13  0:12  Overlord  
  13  0:20  Drone  
  14  0:31  Drone  
  15  0:47  Hatchery  
  14  0:51  Drone  
  15  1:07  Spawning Pool  
  15  1:09  Drone  
  15  1:13  Extractor  
  15  1:15  Drone  
  15  1:21  Drone  
  15  1:25  Drone  
  17  1:39  Drone  
  18  1:44  Drone  
  19  1:56  Queen  
  19  1:58  Drone  
  22  2:03  Queen  
  22  2:07  Drone  
  25  2:10  Drone  
  25  2:13  Drone  
  27  2:16  Drone  
  28  2:23  Overlord  
  28  2:33  Extractor  
  28  2:35  Lair  
  28  2:36  Drone  
  28  2:41  Drone, Extractor  
  28  2:49  Drone x2  
  30  2:55  Drone  
  30  2:56  Drone  
  33  2:58  Drone  
  33  3:07  Drone x2  
  33  3:08  Drone  
  33  3:09  Overlord  
  36  3:18  Extractor  
  35  3:20  Drone  
  35  3:24  Overlord  
  36  3:30  Drone  
  37  3:35  Spire  
  37  3:37  Drone  
  37  3:40  Drone x2  
  39  3:42  Drone  
  41  3:48  Drone x3  
  43  3:57  Drone  
  43  3:58  Overlord  
  44  4:08  Drone  
  45  4:14  Overlord x2  
  45  4:46  Mutalisk x5  
  45  4:47  Mutalisk x5  
  45  4:48  Mutalisk  
  45  4:51  Zerg Flyer Weapons Level 1  
  67  5:07  Queen  
  67  5:09  Hatchery  
  68  5:23  Metabolic Boost  
  68  5:25  Zergling x6, Overlord  
  68  5:26  Zergling x6  
  74  5:52  Zergling x8  
  78  6:13  Zergling x6  
  78  6:14  Zergling x6  
  84  6:22  Drone  
  85  6:28  Infestation Pit  
  85  6:32  Evolution Chamber x2  
  83  6:37  Drone x5  
  87  6:51  Overlord x5  
  87  7:02  Drone x3  
  87  7:04  Extractor  
  87  7:07  Hive, Extractor  
  88  7:31  Drone x4  
  88  7:32  Drone x2  
  94  7:37  Drone  
  94  7:38  Drone x5  
  94  7:39  Drone x2  
  94  7:44  Overlord x3  
  102  7:47  Zerg Melee Weapons Level 1  
  102  7:48  Zerg Ground Armor Level 1  
  94  8:29  Pneumatized Carapace  
  94  8:36  Ultralisk Cavern  
  93  8:45  Spore Crawler  
  93  8:47  Spore Crawler  
  91  8:55  Spore Crawler  
  90  9:05  Overlord x2  
  90  9:22  Chitinous Plating  
  90  9:28  Ultralisk x2  
  90  9:29  Ultralisk x7  
  90  9:30  Ultralisk x2  
  156  9:32  Ultralisk  
  162  9:41  Zerg Melee Weapons Level 2  
  162  9:42  Zerg Ground Armor Level 2  
  162  10:01  Overlord x3  
  162  10:22  Hatchery  
  161  10:40  Ultralisk x4  
  161  10:41  Ultralisk  
  189  11:08  Overlord  
  189  11:11  Overlord x2  
  189  11:19  Overlord x3  
  182  11:36  Ultralisk x4  
  185  11:50  Ultralisk  
  191  12:24  Drone x3  
  194  12:31  Ultralisk  
  200  12:40  Extractor  
  200  12:41  Drone, Extractor  
  200  12:42  Drone  
  194  13:12  Ultralisk x4  
  200  13:13  Ultralisk  
  188  13:39  Corruptor x3  
  188  13:40  Corruptor x4  
  196  13:42  Zergling x8  
  194  13:54  Drone x5  
  194  13:55  Drone x7  
  193  13:56  Drone x3  
Show
View Real Time Build Order
Export as new Build Order

Nyck Terran - Winner!

Build Orders:  

Get SALT Encoding   

  12  0:00  SCV  
  13  0:12  SCV  
  14  0:17  Supply Depot  
  14  0:25  SCV  
  15  0:42  Barracks  
  15  0:43  SCV  
  15  0:46  Refinery  
  16  0:56  SCV  
  17  1:08  Barracks  
  17  1:12  SCV  
  18  1:21  Supply Depot  
  18  1:29  Orbital Command  
  18  1:32  Reaper  
  19  1:52  Refinery  
  19  1:57  Barracks Reactor  
  19  2:03  SCV  
  20  2:16  SCV  
  21  2:26  Barracks Tech Lab  
  21  2:29  SCV  
  22  2:34  Marine x2  
  24  2:41  SCV  
  25  2:54  SCV  
  25  2:55  Marine x2, Marauder  
  30  3:04  Concussive Shells, Command Center  
  30  3:06  SCV  
  31  3:21  Supply Depot  
  31  3:42  Marine x2  
  31  3:43  SCV  
  31  3:47  Supply Depot  
  35  3:48  Marauder  
  35  3:50  Combat Shield  
  35  3:55  SCV  
  36  4:00  Barracks  
  36  4:04  Barracks  
  36  4:08  Barracks  
  36  4:12  Marauder  
  36  4:14  Supply Depot  
  38  4:27  Factory  
  38  4:28  SCV  
  39  4:34  Orbital Command  
  39  4:40  SCV  
  40  4:46  Marine x2  
  40  4:48  Marauder  
  44  4:53  Supply Depot  
  44  4:56  SCV  
  45  5:05  Marine x2  
  45  5:06  Barracks Tech Lab x2  
  47  5:07  Barracks Tech Lab  
  47  5:14  Starport  
  47  5:19  SCV  
  48  5:22  Factory Reactor  
  48  5:23  SCV  
  49  5:32  Ghost Academy  
  49  5:33  SCV  
  50  5:37  Stimpack  
  50  5:43  Refinery  
  50  5:44  SCV, Refinery  
  51  5:51  SCV  
  52  5:59  Command Center  
  52  6:04  Personal Cloaking  
  52  6:06  SCV x2  
  52  6:09  Marauder  
  56  6:16  Marauder  
  58  6:21  SCV  
  58  6:22  SCV  
  60  6:27  Engineering Bay  
  60  6:28  Medivac x2  
  64  6:40  SCV x2  
  64  6:46  Ghost  
  68  6:52  SCV x2  
  70  7:00  Medivac x2  
  74  7:04  SCV  
  74  7:05  SCV  
  76  7:12  Supply Depot  
  76  7:19  SCV x2  
  76  7:22  Terran Infantry Weapons Level 1  
  78  7:30  Nuke, Barracks  
  78  7:31  SCV x2  
  78  7:34  Supply Depot  
  78  7:35  Supply Depot  
  80  7:43  SCV x2  
  82  7:51  Orbital Command  
  82  7:53  Refinery  
  82  7:55  Supply Depot  
  82  7:57  Supply Depot  
  82  7:58  SCV x2  
  84  7:59  Refinery  
  84  8:03  Marauder  
  84  8:04  Marauder x3  
  84  8:05  Marine x2  
  94  8:13  SCV  
  94  8:14  SCV  
  94  8:19  Supply Depot  
  96  8:21  Supply Depot  
  96  8:25  SCV  
  96  8:26  SCV  
  98  8:30  Missile Turret  
  97  8:35  Missile Turret  
  90  9:09  SCV x3  
  89  9:25  SCV x3  
  89  9:26  Ghost  
  89  9:27  Ghost x3  
  100  9:33  Viking x2  
  100  9:35  Terran Infantry Armor Level 1  
  100  9:37  SCV x3  
  100  9:38  Marine x2  
  109  9:55  Ghost x3  
  109  9:56  SCV x3, Ghost  
  120  10:08  SCV x3  
  123  10:26  Command Center  
  123  10:40  SCV  
  123  10:41  SCV x2  
  123  10:42  Ghost x4  
  134  10:53  SCV x3  
  137  11:11  Nuke  
  137  11:21  SCV x2  
  137  11:22  SCV, Ghost  
  137  11:23  Ghost x3  
  146  11:31  Armory  
  146  11:33  Viking  
  146  11:37  Viking  
  150  11:41  Command Center  
  150  11:45  Orbital Command  
  150  11:52  Ghost x3  
  150  11:53  Marine, Ghost  
  150  11:54  Marine  
  160  12:03  Viking  
  160  12:07  SCV x2, Viking  
  160  12:08  SCV  
  167  12:18  SCV  
  167  12:19  SCV  
  167  12:20  SCV x2  
  171  12:26  Unknown, Ghost  
  171  12:27  Ghost x3  
  171  12:28  Marine x2  
  181  12:30  SCV  
  181  12:31  SCV  
  181  12:32  SCV  
  184  13:00  Viking x2  
  152  13:30  Viking x2  
  150  13:37  Marine x6  
  154  13:54  Marine  
  154  13:55  Marine x5  
  159  14:00  Viking x2  
  164  14:04  Starport  
  164  14:12  Marine  
Show
View Real Time Build Order
Export as new Build Order

Farengeith Protoss 

Build Orders: 1 Gate Expand 

Get SALT Encoding   

  12  0:01  Probe  
  13  0:13  Probe  
  14  0:20  Pylon  
  14  0:25  Probe (Chrono Boost)  
  15  0:39  Probe (Chrono Boost)  
  15  0:40  Gateway  
  16  0:46  Probe (Chrono Boost)  
  17  0:53  Assimilator  
  17  0:54  Probe  
  18  1:06  Probe  
  19  1:18  Probe  
  20  1:29  Cybernetics Core  
  20  1:35  Nexus  
  20  1:43  Pylon  
  20  1:48  Zealot  
  22  1:55  Assimilator  
  22  2:04  Warp Gate (Chrono Boost)  
  22  2:09  Gateway  
  22  2:20  Shield Battery  
  22  2:27  Stalker  
  24  2:35  Twilight Council  
  24  2:50  Gateway  
  23  3:06  Stalker x2  
  27  3:21  Charge (Chrono Boost), Probe  
  28  3:36  Pylon  
  28  3:47  Zealot x2  
  32  3:51  Probe (Chrono Boost)  
  34  3:58  Probe (Chrono Boost)  
  34  4:01  Probe (Chrono Boost)  
  35  4:05  Zealot, Probe (Chrono Boost)  
  35  4:06  Probe (Chrono Boost)  
  39  4:17  Assimilator  
  39  4:19  Probe (Chrono Boost)  
  39  4:21  Probe (Chrono Boost)  
  41  4:37  Gateway  
  41  4:39  Gateway  
  41  4:40  Sentry  
  41  4:44  Zealot  
  45  4:48  Probe  
  45  4:51  Probe  
  47  5:00  Pylon  
  47  5:01  Probe  
  47  5:03  Probe  
  49  5:07  Zealot  
  49  5:11  Sentry  
  53  5:30  Probe (Chrono Boost)  
  55  5:36  Probe (Chrono Boost)  
  55  5:41  Probe (Chrono Boost)  
  56  5:45  Probe (Chrono Boost)  
  56  5:46  Probe (Chrono Boost)  
  56  5:49  Stalker x2  
  62  6:25  Pylon  
  62  6:26  Pylon  
  62  6:28  Pylon  
  62  6:30  Pylon  
  62  6:46  Zealot x5  
  72  6:57  Probe  
  73  7:05  Forge  
  73  7:08  Stalker x5  
  75  7:12  Blink  
  78  7:30  Probe x2  
  78  7:33  Stalker x3  
  86  7:47  Protoss Ground Weapons Level 1 (Chrono Boost)  
  86  7:48  Pylon  
  86  7:51  Pylon  
  86  7:59  Assimilator  
  86  8:05  Photon Cannon  
  86  8:06  Probe x2  
  86  8:07  Photon Cannon  
  88  8:18  Probe x2  
  90  8:24  Templar Archives  
  90  8:29  Nexus  
  90  8:30  Probe x2  
  92  8:45  Psionic Storm  
  92  8:55  Probe x2  
  94  9:05  Pylon  
  94  9:07  Probe x2  
  94  9:08  Pylon  
  96  9:11  Pylon  
  96  9:13  High Templar x3  
  96  9:14  Pylon  
  96  9:15  Assimilator  
  102  9:19  Assimilator  
  102  9:29  Probe  
  103  9:36  Probe  
  104  9:42  Probe x2  
  104  9:45  Photon Cannon  
  106  9:49  Photon Cannon  
  106  9:50  Probe  
  106  9:52  Photon Cannon  
  107  9:54  Robotics Facility  
  107  10:03  High Templar x3  
  107  10:04  High Templar  
  115  10:18  Forge  
  115  10:23  Gateway  
  115  10:25  Gateway  
  115  10:31  Gateway x2  
  115  10:32  Robotics Facility, Protoss Ground Weapons Level 2  
  115  11:09  Immortal  
  116  11:40  Immortal  
  120  11:48  Immortal (Chrono Boost)  
  120  11:51  Probe x2  
  126  12:07  Robotics Facility  
  126  12:08  Robotics Facility  
  126  12:16  Immortal (Chrono Boost)  
  126  12:21  Pylon  
  130  12:23  Pylon  
  130  12:24  Immortal (Chrono Boost)  
  130  12:25  Pylon  
  133  12:51  Immortal  
  38  13:21  Immortal (Chrono Boost)  
  26  13:44  Immortal (Chrono Boost)  
  30  14:00  Immortal (Chrono Boost)  
Show
View Real Time Build Order
Export as new Build Order

DMCORP Protoss 

Build Orders: Carriers 

Get SALT Encoding   

  12  0:01  Probe  
  13  0:13  Probe  
  14  0:19  Pylon  
  14  0:25  Probe  
  15  0:38  Probe (Chrono Boost)  
  16  0:44  Gateway  
  17  0:50  Probe (Chrono Boost)  
  17  0:58  Probe (Chrono Boost)  
  18  1:04  Probe  
  18  1:08  Assimilator  
  19  1:16  Probe  
  20  1:33  Probe (Chrono Boost)  
  20  1:38  Cybernetics Core  
  21  1:41  Pylon  
  21  1:45  Probe (Chrono Boost)  
  22  1:52  Probe (Chrono Boost)  
  23  1:59  Probe  
  24  2:09  Assimilator  
  24  2:11  Probe  
  24  2:13  Warp Gate (Chrono Boost)  
  24  2:18  Gateway  
  24  2:19  Gateway  
  24  2:23  Gateway  
  24  2:27  Gateway  
  24  2:44  Adept  
  26  3:00  Nexus  
  26  3:02  Pylon  
  26  3:11  Adept x2  
  30  3:20  Adept  
  32  3:30  Shield Battery  
  32  3:37  Stargate  
  32  3:50  Probe (Chrono Boost)  
  33  4:00  Probe (Chrono Boost)  
  34  4:05  Probe (Chrono Boost)  
  35  4:17  Probe (Chrono Boost)  
  35  4:18  Probe (Chrono Boost)  
  37  4:28  Fleet Beacon, Probe x2 (Chrono Boost)  
  37  4:30  Stargate  
  39  4:32  Probe (Chrono Boost)  
  39  4:33  Probe (Chrono Boost)  
  41  4:43  Probe  
  41  4:45  Probe  
  43  4:55  Probe  
  43  4:57  Assimilator, Probe  
  45  5:00  Assimilator  
  45  5:07  Probe  
  45  5:09  Probe  
  47  5:19  Probe  
  48  5:21  Probe  
  49  5:42  Stalker x3  
  45  5:43  Stalker x2  
  47  5:52  Phoenix  
  47  5:53  Phoenix  
  48  6:07  Probe x2  
  50  6:19  Probe x2  
  52  6:31  Probe  
  53  6:36  Pylon  
  53  6:40  Pylon  
  53  6:42  Probe (Chrono Boost), Pylon  
  54  6:48  Fleet Beacon  
  54  6:52  Assimilator  
  54  6:53  Pylon  
  54  6:54  Phoenix x2  
  60  6:55  Probe x2 (Chrono Boost)  
  60  7:00  Probe (Chrono Boost)  
  60  7:08  Probe  
  62  7:18  Phoenix x2  
  66  7:39  Probe x2  
  66  7:43  Phoenix x2  
  72  7:53  Anion Pulse-Crystals  
  72  7:54  Nexus  
  72  7:55  Probe x2  
  72  7:56  Pylon  
  66  8:07  Probe x2  
  68  9:00  Carrier x2  
  80  9:24  Probe x2  
  78  9:26  Probe  
  79  9:32  Shield Battery  
  79  9:34  Shield Battery  
  79  9:35  Shield Battery  
  79  9:36  Probe x2  
  79  9:37  Shield Battery  
  81  9:38  Probe  
  81  9:39  Pylon  
  81  9:40  Forge  
  81  9:42  Assimilator  
  82  9:46  Assimilator  
  82  9:48  Probe x2  
  82  9:51  Probe  
  85  9:56  Stargate  
  85  9:58  Stargate  
  85  10:00  Probe x2  
  85  10:02  Cybernetics Core  
  85  10:04  Probe  
  88  10:10  Protoss Air Weapons Level 1  
  88  10:12  Probe x2  
  90  10:16  Probe  
  91  10:24  Probe  
  92  10:36  Carrier  
  92  10:37  Carrier  
  92  10:40  Nexus  
  104  10:44  Pylon  
  104  10:46  Pylon  
  104  10:49  Pylon  
  104  10:51  Pylon  
  102  11:07  Carrier (Chrono Boost)  
  102  11:08  Carrier (Chrono Boost)  
  105  11:38  Carrier (Chrono Boost)  
  105  11:39  Carrier (Chrono Boost)  
  113  11:58  Stargate  
  113  11:59  Stargate  
  113  12:09  Carrier x2 (Chrono Boost)  
  125  12:33  Protoss Air Armor Level 1 (Chrono Boost)  
  125  12:42  Carrier  
  125  12:43  Carrier  
  137  12:54  Carrier  
  127  13:15  Carrier  
Tags
 
Add a new tag
Caveats
  • Supply blocks, unpowered buildings, or Contaminate may cause inaccurate times.
  • Supply counts are checked every 10 seconds.